TOP OF THE 1ST |
South Beach Blaze batting - Pitching for Hogsmeade Cauldrons : LHP Ollie McDaniell
|
Pitching: LHP Ollie McDaniell
|
|
Batting: RHB Harlan Peppers
|
0-0: Called Strike 0-1: Swinging Strike 0-2: Ball 1-2: Ball 2-2: Ground out 5-3 (Groundball, 56)
|
Batting: RHB Bart Goodine
|
0-0: Ball 1-0: Called Strike 1-1: Ball 2-1: Ball 3-1: Called Strike 3-2: SINGLE (Groundball, 56) (infield hit)
|
Batting: LHB Sepulveda Zambrano
|
0-0: SINGLE (Line Drive, 9LS) Bart Goodine to second
|
Batting: RHB Fortunato Rasquinha
|
0-0: Swinging Strike 0-1: Ball 1-1: Swinging Strike 1-2: Strikes out swinging
|
Batting: RHB Daniel Bertrand
|
0-0: Called Strike 0-1: Foul Ball, location: 2F 0-2: Strikes out swinging
|
Top of the 1st over - 0 runs, 2 hits, 0 errors, 2 left on base; South Beach 0 - Hogsmeade 0 |
BOTTOM OF THE 1ST |
Hogsmeade Cauldrons batting - Pitching for South Beach Blaze : RHP Héctor Tista
|
Pitching: RHP Héctor Tista
|
|
Batting: RHB César Ramos
|
0-0: Foul Ball, location: 2F 0-1: Ball 1-1: Ball 2-1: Foul Ball, location: 2F 2-2: Strikes out swinging
|
Batting: RHB Panas Pletnev
|
0-0: Ball 1-0: Foul Ball, location: 2F 1-1: Hit by Pitch
|
Batting: RHB Damon Newbold
|
0-0: Ball Panas Pletnev steals 2nd base 1-0: SINGLE (Line Drive, 78S) Panas Pletnev to third
|
Batting: RHB Mariano Saelices
|
0-0: SINGLE (Groundball, 6MS) (infield hit) Panas Pletnev scores Damon Newbold to second
|
Batting: RHB Luis Manuel Flores
|
0-0: Fly out, F4 (Line Drive, 4)
|
Batting: RHB Bob Petiet
|
0-0: Swinging Strike 0-1: Fielders Choice at 2nd, 6-4 (Groundball, 6)
|
Bottom of the 1st over - 1 run, 2 hits, 0 errors, 2 left on base; South Beach 0 - Hogsmeade 1 |
TOP OF THE 2ND |
South Beach Blaze batting - Pitching for Hogsmeade Cauldrons : LHP Ollie McDaniell
|
Batting: RHB Yu-shu Kang
|
0-0: Ball 1-0: Ball 2-0: Ball 3-0: Hit by Pitch
|
Batting: SHB Serious Lee
|
0-0: Ball 1-0: Ball 2-0: Foul Ball, location: 2F 2-1: Called Strike 2-2: Strikes out swinging
|
Batting: RHB Ed Bowers
|
0-0: Ball 1-0: Ball 2-0: Called Strike 2-1: SINGLE (Groundball, 6MD) Yu-shu Kang to second Runner from 2nd tries for 3rd, SAFE, no throw
|
Batting: LHB Raymond Graham
|
0-0: Ball 1-0: Foul Ball, location: 2F 1-1: Ball 2-1: Ball 3-1: Foul Ball, location: 2F 3-2: Fielders Choice at 2nd, 6-4 (Groundball, 56) Yu-shu Kang scores
|
Batting: RHB Harlan Peppers
|
0-0: Called Strike 0-1: Foul Ball, location: 2F 0-2: Strikes out swinging
|
Top of the 2nd over - 1 run, 1 hit, 0 errors, 1 left on base; South Beach 1 - Hogsmeade 1 |
BOTTOM OF THE 2ND |
Hogsmeade Cauldrons batting - Pitching for South Beach Blaze : RHP Héctor Tista
|
Batting: RHB Akke Derksen
|
0-0: Called Strike 0-1: Ball 1-1: Ball 2-1: Swinging Strike 2-2: Ground out 5-3 (Groundball, 5)
|
Batting: RHB Lu Tsai
|
0-0: Foul Ball, location: 2F 0-1: Called Strike 0-2: Foul Ball, location: 2F 0-2: Ball 1-2: Strikes out swinging
|
Batting: RHB Octávio Pineda
|
0-0: Ball 1-0: Called Strike 1-1: Ball 2-1: Ground out 4-3 (Groundball, 34)
|
Bottom of the 2nd over - 0 runs, 0 hits, 0 errors, 0 left on base; South Beach 1 - Hogsmeade 1 |
TOP OF THE 3RD |
South Beach Blaze batting - Pitching for Hogsmeade Cauldrons : LHP Ollie McDaniell
|
Batting: RHB Bart Goodine
|
0-0: Foul Ball, location: 2F 0-1: Foul Ball, location: 2F 0-2: Ball 1-2: Ball 2-2: Foul Ball, location: 2F 2-2: Fly out, F7 (Flyball, 7S)
|
Batting: LHB Sepulveda Zambrano
|
0-0: Ball 1-0: Called Strike 1-1: Ball 2-1: Foul Ball, location: 2F 2-2: Ball 3-2: Strikes out swinging
|
Batting: RHB Fortunato Rasquinha
|
0-0: Called Strike 0-1: Ball 1-1: Foul Ball, location: 2F 1-2: Ball 2-2: Ball 3-2: Strikes out swinging
|
Top of the 3rd over - 0 runs, 0 hits, 0 errors, 0 left on base; South Beach 1 - Hogsmeade 1 |
BOTTOM OF THE 3RD |
Hogsmeade Cauldrons batting - Pitching for South Beach Blaze : RHP Héctor Tista
|
Batting: RHB César Ramos
|
0-0: Foul Ball, location: 2F 0-1: Swinging Strike 0-2: Ball 1-2: Foul Ball, location: 2F 1-2: Strikes out looking
|
Batting: RHB Panas Pletnev
|
0-0: Called Strike 0-1: Ball 1-1: Swinging Strike 1-2: Fly out, F9 (Flyball, 9S)
|
Batting: RHB Damon Newbold
|
0-0: Called Strike 0-1: Ball 1-1: Foul Ball, location: 2F 1-2: Foul Ball, location: 2F 1-2: Foul Ball, location: 2F 1-2: Strikes out swinging
|
Bottom of the 3rd over - 0 runs, 0 hits, 0 errors, 0 left on base; South Beach 1 - Hogsmeade 1 |
TOP OF THE 4TH |
South Beach Blaze batting - Pitching for Hogsmeade Cauldrons : LHP Ollie McDaniell
|
Batting: RHB Daniel Bertrand
|
0-0: SINGLE (Line Drive, 9S)
|
Batting: RHB Yu-shu Kang
|
0-0: Ball 1-0: Foul Ball, location: 2F 1-1: Called Strike 1-2: Ball 2-2: Fly out, F8 (Flyball, 78D)
|
Batting: SHB Serious Lee
|
0-0: Ball 1-0: Foul Ball, location: 2F 1-1: Foul Ball, location: 2F 1-2: Ball 2-2: Strikes out swinging
|
Batting: RHB Ed Bowers
|
0-0: Ball 1-0: Called Strike Daniel Bertrand steals 2nd base 1-1: Swinging Strike 1-2: Ball 2-2: Strikes out looking
|
Top of the 4th over - 0 runs, 1 hit, 0 errors, 1 left on base; South Beach 1 - Hogsmeade 1 |
BOTTOM OF THE 4TH |
Hogsmeade Cauldrons batting - Pitching for South Beach Blaze : RHP Héctor Tista
|
Batting: RHB Mariano Saelices
|
0-0: Ground out 6-3 (Groundball, 6)
|
Batting: RHB Luis Manuel Flores
|
0-0: Ball 1-0: Foul Ball, location: 2F 1-1: Ball 2-1: Ball 3-1: DOUBLE (Line Drive, 78D)
|
Batting: RHB Bob Petiet
|
0-0: Called Strike 0-1: SINGLE (Groundball, 6D) Luis Manuel Flores to third Runner from 3rd tries for Home, SAFE, no throw
|
Batting: RHB Akke Derksen
|
0-0: Called Strike 0-1: Called Strike 0-2: Ball 1-2: Ball 2-2: Strikes out swinging
|
Batting: RHB Lu Tsai
|
0-0: Called Strike 0-1: Called Strike 0-2: Ball 1-2: Fly out, F7 (Line Drive, 78S)
|
Bottom of the 4th over - 1 run, 2 hits, 0 errors, 1 left on base; South Beach 1 - Hogsmeade 2 |
TOP OF THE 5TH |
South Beach Blaze batting - Pitching for Hogsmeade Cauldrons : LHP Ollie McDaniell
|
Batting: LHB Raymond Graham
|
0-0: Swinging Strike 0-1: Ball 1-1: Ball 2-1: Fly out, F9 (Flyball, 89M)
|
Batting: RHB Harlan Peppers
|
0-0: Called Strike 0-1: Ball 1-1: Ball 2-1: Foul Ball, location: 2F 2-2: Foul Ball, location: 2F 2-2: Strikes out swinging, 2-3 out at first.
|
Batting: RHB Bart Goodine
|
0-0: Ball 1-0: Foul Ball, location: 2F 1-1: Called Strike 1-2: Strikes out swinging
|
Top of the 5th over - 0 runs, 0 hits, 0 errors, 0 left on base; South Beach 1 - Hogsmeade 2 |
BOTTOM OF THE 5TH |
Hogsmeade Cauldrons batting - Pitching for South Beach Blaze : RHP Héctor Tista
|
Batting: RHB Octávio Pineda
|
0-0: Foul Ball, location: 2F 0-1: Swinging Strike 0-2: Strikes out looking
|
Batting: RHB César Ramos
|
0-0: Swinging Strike 0-1: Ball 1-1: Called Strike 1-2: Ball 2-2: Ball 3-2: Strikes out swinging
|
Batting: RHB Panas Pletnev
|
0-0: Ground out 4-3 (Groundball, 4)
|
Bottom of the 5th over - 0 runs, 0 hits, 0 errors, 0 left on base; South Beach 1 - Hogsmeade 2 |
TOP OF THE 6TH |
South Beach Blaze batting - Pitching for Hogsmeade Cauldrons : LHP Ollie McDaniell
|
Batting: LHB Sepulveda Zambrano
|
0-0: Ball 1-0: Ball 2-0: Fly out, F5 (Popup, 25)
|
Batting: RHB Fortunato Rasquinha
|
0-0: Called Strike 0-1: Called Strike 0-2: Ball 1-2: Foul Ball, location: 2F 1-2: Foul Ball, location: 2F 1-2: Ball 2-2: Strikes out swinging
|
Batting: RHB Daniel Bertrand
|
0-0: Called Strike 0-1: Ball 1-1: Ball 2-1: Ball 3-1: Base on Balls
|
Pitching: RHP Cristóbal Garza
|
|
Batting: RHB Yu-shu Kang
|
0-0: Ball 1-0: Foul Ball, location: 2F 1-1: Foul Ball, location: 2F 1-2: Ball Daniel Bertrand steals 2nd base 2-2: Fly out, F7 (Flyball, 7)
|
Top of the 6th over - 0 runs, 0 hits, 0 errors, 1 left on base; South Beach 1 - Hogsmeade 2 |
BOTTOM OF THE 6TH |
Hogsmeade Cauldrons batting - Pitching for South Beach Blaze : RHP Héctor Tista
|
Batting: RHB Damon Newbold
|
0-0: Ball 1-0: Foul Ball, location: 2F 1-1: Foul Ball, location: 2F 1-2: Ball 2-2: Foul Ball, location: 2F 2-2: Ground out U3 (Groundball, 3S)
|
Batting: RHB Mariano Saelices
|
0-0: Called Strike 0-1: Ball 1-1: Swinging Strike 1-2: Strikes out swinging
|
Batting: RHB Luis Manuel Flores
|
0-0: Foul Ball, location: 2F 0-1: Ball 1-1: Swinging Strike 1-2: Strikes out swinging
|
Bottom of the 6th over - 0 runs, 0 hits, 0 errors, 0 left on base; South Beach 1 - Hogsmeade 2 |
TOP OF THE 7TH |
South Beach Blaze batting - Pitching for Hogsmeade Cauldrons : RHP Cristóbal Garza
|
Batting: SHB Serious Lee
|
0-0: Called Strike 0-1: Foul Ball, location: 2F 0-2: Ball 1-2: Ball 2-2: Foul Ball, location: 2F 2-2: Ball 3-2: Foul Ball, location: 2F 3-2: Foul Ball, location: 2F 3-2: Ground out 4-3 (Groundball, 4)
|
Batting: RHB Ed Bowers
|
0-0: Ball 1-0: Swinging Strike 1-1: Ground out 1-3 (Groundball, 15)
|
Batting: LHB Raymond Graham
|
0-0: Ball 1-0: Ball 2-0: Ball 3-0: Base on Balls
|
Pinch Runner at 1st Ed Gordon:
|
|
Batting: RHB Harlan Peppers
|
0-0: Called Strike 0-1: Ball 1-1: Called Strike 1-2: Ball 2-2: Fly out, F9 (Flyball, 89M)
|
Top of the 7th over - 0 runs, 0 hits, 0 errors, 1 left on base; South Beach 1 - Hogsmeade 2 |
BOTTOM OF THE 7TH |
Hogsmeade Cauldrons batting - Pitching for South Beach Blaze : RHP Héctor Tista
|
Now at 1B: Ed Gordon
|
|
Batting: RHB Bob Petiet
|
0-0: Ball 1-0: Fly out, F9 (Flyball, 9LM)
|
Batting: RHB Akke Derksen
|
0-0: Ball 1-0: Ball 2-0: Ball 3-0: Base on Balls
|
Pitching: LHP Leo Ingelbrigtsen
|
|
Batting: RHB Lu Tsai
|
0-0: Called Strike 0-1: Swinging Strike 0-2: Foul Ball, location: 2F 0-2: Strikes out swinging
|
Batting: RHB Octávio Pineda
|
0-0: Called Strike 0-1: Ground out 4-3 (Groundball, 34)
|
Bottom of the 7th over - 0 runs, 0 hits, 0 errors, 1 left on base; South Beach 1 - Hogsmeade 2 |
TOP OF THE 8TH |
South Beach Blaze batting - Pitching for Hogsmeade Cauldrons : RHP Cristóbal Garza
|
Batting: RHB Bart Goodine
|
0-0: Called Strike 0-1: Ball 1-1: SINGLE (Groundball, 56D)
|
Pitching: RHP Albert Arens
|
|
Batting: LHB Sepulveda Zambrano
|
0-0: Swinging Strike 0-1: Ball 1-1: Foul Ball, location: 2F 1-2: Foul Ball, location: 2F 1-2: Foul Ball, location: 2F 1-2: Strikes out swinging
|
Batting: RHB Fortunato Rasquinha
|
0-0: Ball 1-0: Foul Ball, location: 2F 1-1: Ball 2-1: Ball 3-1: Foul Ball, location: 2F 3-2: Strikes out swinging
|
Batting: RHB Daniel Bertrand
|
0-0: Fly out, F8 (Flyball, 8RD)
|
Top of the 8th over - 0 runs, 1 hit, 0 errors, 1 left on base; South Beach 1 - Hogsmeade 2 |
BOTTOM OF THE 8TH |
Hogsmeade Cauldrons batting - Pitching for South Beach Blaze : LHP Leo Ingelbrigtsen
|
Batting: RHB César Ramos
|
0-0: Ground out 4-3 (Groundball, 4M)
|
Batting: RHB Panas Pletnev
|
0-0: SINGLE (Groundball, 56S) (infield hit)
|
Batting: RHB Damon Newbold
|
0-0: Ball 1-0: Foul Ball, location: 2F 1-1: Ball 2-1: Swinging Strike 2-2: Ball 3-2: Base on Balls Panas Pletnev to second
|
Batting: RHB Mariano Saelices
|
0-0: Foul Ball, location: 2F 0-1: Foul Ball, location: 2F 0-2: 3-RUN HOME RUN (Flyball, 7LD), Distance : 364 ft
|
Pitching: LHP Luis Oropeza
|
|
Batting: RHB Luis Manuel Flores
|
0-0: Called Strike 0-1: Ball 1-1: Foul Ball, location: 2F 1-2: Ball 2-2: Ball 3-2: Foul Ball, location: 2F 3-2: Foul Ball, location: 2F 3-2: Base on Balls
|
Batting: RHB Bob Petiet
|
0-0: Ball 1-0: Called Strike 1-1: SINGLE (Flyball, 9LS) Luis Manuel Flores to second Runner from 2nd tries for 3rd, SAFE, no throw
|
Batting: RHB Akke Derksen
|
0-0: SINGLE (Flyball, 7LS) Luis Manuel Flores scores Bob Petiet to second
|
Batting: RHB Lu Tsai
|
0-0: Called Strike 0-1: Swinging Strike 0-2: Ball 1-2: Strikes out swinging
|
Batting: RHB Octávio Pineda
|
0-0: SINGLE (Flyball, 78S) Bob Petiet to third Akke Derksen to second Runner from 3rd tries for Home, SAFE, no throw
|
Batting: RHB César Ramos
|
0-0: Called Strike 0-1: Ball 1-1: Fly out, F8 (Flyball, 8RM)
|
Bottom of the 8th over - 5 runs, 5 hits, 0 errors, 2 left on base; South Beach 1 - Hogsmeade 7 |
TOP OF THE 9TH |
South Beach Blaze batting - Pitching for Hogsmeade Cauldrons : RHP Albert Arens
|
Now at C: José Vargas
|
|
Now in LF: Cody Skillings
|
|
Batting: RHB Yu-shu Kang
|
0-0: Called Strike 0-1: Called Strike 0-2: Ball 1-2: Foul Ball, location: 2F 1-2: Ball 2-2: Strikes out swinging
|
Batting: SHB Serious Lee
|
0-0: Ball 1-0: Foul Ball, location: 2F 1-1: Foul Ball, location: 2F 1-2: Strikes out swinging
|
Batting: RHB Ed Bowers
|
0-0: Called Strike 0-1: Foul Ball, location: 2F 0-2: Strikes out swinging
|
Top of the 9th over - 0 runs, 0 hits, 0 errors, 0 left on base; South Beach 1 - Hogsmeade 7 |
|